 Dungeon Crawl Stone Soup version 0.17-a0-1718-g72dbe4d (webtiles) character file.

49 Moriendi the Skirmisher (level 3, 0/26 HPs)
             Began as a High Elf Fighter on Aug 25, 2015.
             Slain by a scorpion (8 damage)
             ... on level 4 of the Dungeon.
             The game lasted 00:17:54 (1170 turns).

Moriendi the Skirmisher (High Elf Fighter)          Turns: 1170, Time: 00:17:54

Health: 0/26       AC:  6    Str: 16    XL:     3   Next: 51%
Magic:  4/4        EV:  7    Int: 12    God:
Gold:   61         SH:  9    Dex: 14    Spells: 0 memorised, 2 levels left

rFire  . . .     SeeInvis .     a - +0 long sword
rCold  . . .     Clarity  .     b - +0 scale mail
rNeg   . . .     SustAt   .     c - +0 shield
rPois  .         Gourm    .     (no helmet)
rElec  .         Spirit   .     (no cloak)
rCorr  .         Warding  .     (no gloves)
rMut   .         Stasis   .     (no boots)
MR     .....                    (no amulet)
Stlth  ..........               (no ring)
                                (no ring)

@: lethally poisoned (0 -> -13), not resistant to hostile enchantments,
extremely unstealthy
A: no striking features
a: no special abilities


You were on level 4 of the Dungeon.
You were not hungry.

You visited 1 branch of the dungeon, and saw 4 of its levels.

You collected 61 gold pieces.

Inventory:

Hand weapons
 a - a +0 long sword (weapon)
 g - a +0 whip
 k - a cursed -3 club
 m - a +0 hunting sling
 p - a +0 hunting sling
 r - a cursed -2 spear
 v - a cursed +0 club
 y - a +0 whip
 z - a +0 club
 A - a +0 dagger
 C - a +0 whip
 D - a +1 short sword of draining
 F - a +0 whip
 I - a +0 club
 J - a +0 short sword
Missiles
 h - 6 stones (quivered)
 w - 29 poisoned needles
 E - 23 steel sling bullets
 G - 18 sling bullets
Armour
 b - a +0 scale mail (worn)
 c - a +0 shield (worn)
 o - a +0 robe
Scrolls
 j - a scroll of fog {unknown}
 l - a scroll of fear {unknown}
 n - a scroll of recharging {unknown}
 s - 2 scrolls of teleportation {unknown}
 x - 2 scrolls of identify {unknown}
Potions
 d - a potion of might
 f - a potion of flight {unknown}
 i - a potion of lignification {unknown}
 q - a potion of cancellation {unknown}
 t - 2 potions of heal wounds {unknown}
 B - a potion of haste {unknown}
 H - a potion of agility {unknown}
 K - a potion of curing {unknown}
Comestibles
 e - a bread ration
 u - 3 fruits


   Skills:
 + Level 3.3 Fighting
 + Level 3.0 Long Blades
 + Level 3.1 Armour
 + Level 1.0 Dodging
 + Level 3.0 Shields


You had 2 spell levels left.
You didn't know any spells.

Dungeon Overview and Level Annotations

Branches:
Dungeon (4/15)
 Temple: D:4-7

Altars:


Message History

You feel sick. The scorpion barely misses you.
You slash the scorpion!
The scorpion is severely wounded.
The scorpion stings you.
You are lethally poisoned!
The scorpion poisons you!
You hit the scorpion but do no damage.
The scorpion is severely wounded.
You feel sick. The scorpion barely misses you. The scorpion barely misses you.
You hit the scorpion.
The scorpion is almost dead.
You feel sick. You block the scorpion's attack.
You closely miss the scorpion.
The scorpion is almost dead.
You feel sick.
The scorpion stings you but does no damage.
You closely miss the scorpion.
The scorpion is almost dead.
You feel sick. The scorpion stings you!
You die...

### ... #.. ..##
##..###### #
#........# ..
#.)......# ..
#.@......# ..
#.s......# #.
#........?
..##..#....#..##
.......<...# .#
.#.........# .#
#.#......## #
#.....###.#
#.#.#. ..


You could see a scorpion.

Vanquished Creatures
  An adder (D:2)
  An ooze (D:1)
  A giant gecko (D:1)
  An orc (D:4)
  3 giant cockroaches (D:1)
  5 goblins (D:1)
  3 hobgoblins
  7 bats
  2 giant newts (D:1)
  8 kobolds
  6 rats (D:1)
38 creatures vanquished.

Notes
Turn   | Place    | Note
--------------------------------------------------------------
     0 | D:1      | Moriendi the High Elf Fighter began the quest for the Orb.
     0 | D:1      | Reached XP level 1. HP: 16/16 MP: 2/2
   158 | D:1      | Reached XP level 2. HP: 19/21 MP: 3/3
   593 | D:1      | Reached XP level 3. HP: 24/26 MP: 4/4
   853 | D:2      | Reached skill level 1 in Dodging
  1152 | D:4      | Noticed a scorpion
  1170 | D:4      | Slain by a scorpion

Vault maps used:
D:1:      dpeg_arrival_subterranean_lakeside_camping
D:2:      bloody_trog, xom_butterflies, lemuel_blue_sif_altar
D:3:      lemuel_coloured_pillars_altar
D:4:      kennysheep_the_goblin_king, lemuel_crystal_altar, uniq_menkaure,
          uniq_blork_the_orc

Action                   || total
-------------------------++-------
Melee: Long sword        ||   148
  Eat: Bread ration      ||     1
